 Dungeon Crawl Stone Soup version 0.29-a0-994-gc5c9f59d18 (webtiles) character file.

Game seed: 15441369842062183504

140 xian the Trooper (level 5, -2/41 HPs)
             Began as a Demonspawn Fighter on Aug 3, 2022.
             Slain by Grinder (3 damage)
             ... while paralysed by Grinder
             ... on level 3 of the Dungeon.
             The game lasted 00:06:48 (2534 turns).

xian the Trooper (Demonspawn Fighter)               Turns: 2534, Time: 00:06:48

Health: -2/41      AC: 11    Str: 19    XL:     5   Next: 2%
Magic:  5/5        EV:  2    Int: 11    God:
Gold:   152        SH:  0    Dex: 12    Spells: 4/4 levels left

rFire   . . .      SeeInvis +   a - +0 war axe
rCold   . . .      Faith    .   c - +0 buckler
rNeg    . . .      Spirit   .   i - +0 plate armour
rPois   .          Reflect  .   (helmet restricted)
rElec   .          Harm     .   (no cloak)
rCorr   .          Rampage  .   (no gloves)
Will    .....                   (no boots)
Stlth   ..........              (no amulet)
HPRegen 0.13/turn               q - +4 ring of evasion
MPRegen 0.09/turn               m - ring of see invisible

@: paralysed
A: antennae 2, powered by death 1, big brain 1
a: no special abilities


You were on level 3 of the Dungeon.
You visited 1 branch of the dungeon, and saw 3 of its levels.

You collected 152 gold pieces.

Inventory:

Hand Weapons
 a - a +0 war axe (weapon)
 o - a +3 dagger of distortion
Armour
 c - a +0 buckler (worn)
 i - a +0 plate armour (worn)
Jewellery
 f - a ring of flight
 m - a ring of see invisible (right hand)
 q - a +4 ring of evasion (left hand)
Wands
 d - a wand of roots (7)
Scrolls
 b - 4 scrolls of identify {unknown}
 g - a scroll of fog {unknown}
 h - 2 scrolls of teleportation {unknown}
 j - a scroll of immolation {unknown}
 l - a scroll of fear {unknown}
Potions
 e - 4 potions of curing
 k - a potion of berserk rage {unknown}
 n - a potion of mutation {unknown}
 p - a potion of attraction {unknown}
 r - a potion of brilliance {unknown}


   Skills:
 + Level 3.6 Fighting
 + Level 3.6 Axes
 + Level 3.2 Armour
 + Level 0.1 Dodging
 + Level 3.1 Shields


You had 4 spell levels left.
You didn't know any spells.
Your spell library was empty.

Dungeon Overview and Level Annotations

Branches:
Dungeon (3/15)

Altars:
Fedhas

Annotations:
D:3 Grinder


Innate Abilities, Weirdness & Mutations

You have a pair of antennae on your head.
You regenerate a little health from kills.
You have an unusually large brain. (Int +2)


Message History

You hit Grinder.
Grinder is moderately wounded.
Grinder gestures at you.
You suddenly lose the ability to move!
Grinder hits you but does no damage. Grinder hits you.
You writhe in agony.
You can move again.
You hit Grinder but do no damage.
Grinder is moderately wounded.
Grinder hits you but does no damage.
You hit Grinder but do no damage.
Grinder is moderately wounded.
Grinder gestures at you. Pain shoots through your body!
You slash Grinder!
Grinder is severely wounded.
Grinder hits you!
You writhe in agony.
* * * LOW HITPOINT WARNING * * *
You barely miss Grinder.
Grinder is severely wounded.
Grinder gestures at you. Pain shoots through your body!
* * * LOW HITPOINT WARNING * * *
You block Grinder's attack.
It was a potion of curing.
You feel better. You block Grinder's attack.
Okay, then.
Grinder is nearby!
Aiming: Fastroot
Press: ? - help, Shift-Dir - straight line, p - Grinder The roots erupt in riotous growth!
Roots grab Grinder.
The grasping roots constrict Grinder!
Grinder gestures at you.
You suddenly lose the ability to move!
The grasping roots constrict Grinder!
The roots release their grip on Grinder.
Grinder gestures at you. Pain shoots through your body!
* * * LOW HITPOINT WARNING * * *
Grinder hits you.
You die...

###### #....####
#........ #........
#........
##..........
#.5.[.......
#.@........
#>........
#.###...##
#.......# #.######
#.......# #.......
#.......####...####
#.###..........#..#
#.# #....##....#..#
#.# #....##....##)#


You could see Grinder.

Vanquished Creatures
  Ijyb (D:3)
  3 adders
  A worm (D:2)
  3 orcs (D:3)
  8 endoplasms
  A giant cockroach (D:1)
  11 goblins
  5 hobgoblins
  13 jackals
  6 kobolds
  5 quokkas
  4 ball pythons
  A bat (D:2)
  4 frilled lizards
  4 rats
70 creatures vanquished.

Vanquished Creatures (others)
  A plant (D:3)
1 creature vanquished.

Grand Total: 71 creatures vanquished

Notes
Turn   | Place    | Note
-------+----------+-------------------------------------------
     0 | D:1      | xian the Demonspawn Fighter began the quest for the Orb.
     0 | D:1      | Reached XP level 1. HP: 18/18 MP: 1/1
   350 | D:1      | Gained mutation: You have a pair of small antennae on your
                  | head. [demonic ancestry]
   350 | D:1      | Reached XP level 2. HP: 18/24 MP: 2/2
   487 | D:1      | Found a faded altar of an unknown god.
   935 | D:1      | Gained mutation: You have an unusually large brain. (Int
                  | +2) [demonic ancestry]
   935 | D:1      | Reached XP level 3. HP: 29/29 MP: 3/3
  1407 | D:2      | Found a blossoming altar of Fedhas.
  1860 | D:3      | Gained mutation: You regenerate a little health from kills.
                  | [demonic ancestry]
  1860 | D:3      | Reached XP level 4. HP: 28/35 MP: 4/4
  2081 | D:3      | Noticed Ijyb
  2089 | D:3      | Killed Ijyb
  2465 | D:3      | Gained mutation: You have a pair of antennae on your head.
                  | [demonic ancestry]
  2465 | D:3      | Reached XP level 5. HP: 41/41 MP: 5/5
  2514 | D:3      | Noticed Grinder
  2525 | D:3      | Paralysed by Grinder for 2 turns
  2530 | D:3      | HP: 2/41 [Grinder/nerve-wracking pain (8)]
  2532 | D:3      | Paralysed by Grinder for 5 turns
  2534 | D:3      | Slain by Grinder

Illustrated notes

Levels and vault maps discovered:
D:1:      ncdulo_smallfort, layout_basic, serial_glass, glass_columns_a,
          glass_columns_a, glass_columns_a, glass_columns_a, glass_columns_a,
          glass_columns_a, glass_columns_c, glass_columns_c, glass_columns_b,
          glass_columns_b, hellmonk_ecumenical_altar_pennies_from_heaven,
          ebering_dispersal_statue_hall
D:2:      layout_basic, basic_altar
D:3:      corexii_shack_village, layout_basic, lemuel_blue_sif_altar, uniq_ijyb,
          uniq_grinder

Skill      XL: |  1  2  3  4 |
---------------+-------------+-----
Axes           | 2 3 |  3.6
Shields        | 3 |  3.1
Armour         | 3 |  3.2
Fighting       | |  3.6
Dodging        | |  0.1

Action                   |  1- 3 |  4- 6 || total
-------------------------+-------+-------++-------
Melee: War axe           |   104 |    91 ||   195
Evoke: Wand              |       |     3 ||     3
  Use: Potion            |       |     2 ||     2
Armor: Scale mail        |    20 |       ||    20
       Plate armour      |    42 |    53 ||    95
Dodge: Dodged            |    41 |    27 ||    68
Block: Buckler           |    23 |    22 ||    45

Table legend: (Time is in decaauts)
 A = Elapsed time spent in this place.
 B = Non-inter-level travel time spent in this place.
 C = Inter-level travel time spent in this place.
 D = Time resting spent in this place.
 E = Time spent auto-exploring this place.
 F = Levels seen in this place.
 G = Mean time per level.
                   A        B        C        D        E       F      G
               +--------+--------+--------+--------+--------+-----+--------+
         Total |   2613 |   2598 |     15 |      0 |   1802 |   3 |  871.0 |
       Dungeon |   2613 |   2598 |     15 |      0 |   1802 |   3 |  871.0 |
               +--------+--------+--------+--------+--------+-----+--------+

Top non-repeatable levels by time:
     D:1: 1367 daAuts
     D:3: 719 daAuts
     D:2: 526 daAuts
